 Dungeon Crawl Stone Soup version bcrawl-1.13 (webtiles) character file.

Game seed: 9958512386960641703

265 Camlann the Covered (level 5, 9/38 HPs)
             Began as a Demonspawn Archaeologist on July 28, 2019.
             Quit the game on level 3 of the Dungeon.
             The game lasted 00:06:57 (2848 turns).

Camlann the Covered (Demonspawn Archaeologist)      Turns: 2848, Time: 00:06:57

Health: 9/38       AC: 10    Str: 12    XL:     5   Next: 99%
Magic:  1/10       EV: 12    Int: 15    God:
Gold:   112        SH:  0    Dex: 12    Spells: 4/4 levels left

rFire    . . .     SeeInvis .     - Unarmed
rCold    . . .     Gourm    .   (no shield)
rNeg     . . .     Faith    .   f - +4 moon troll leather armour {Spirit, Regen++ MP+5}
rPois    .         Spirit   +   c - +1 hat
rElec    .         Reflect  .   (no cloak)
rCorr    .         Harm     .   (no gloves)
MR       .....                  (no boots)
Stlth    ++........             m - amulet of regeneration
HPRegen  1.32/turn              (no ring)
MPRegen  0.12/turn              (no ring)

@: mildly poisoned (9 -> 9)
A: hooves 1, magic shield
a: no special abilities


You were on level 3 of the Dungeon.
You were not hungry.

You visited 1 branch of the dungeon, and saw 3 of its levels.

You collected 112 gold pieces.


Innate Abilities, Weirdness & Mutations

You have large cloven feet.
When hurt, damage is shared between your health and your magic reserves.


   Skills:
 + Level 2.2 Fighting
   Level 0.8 Maces & Flails
 - Level 6.5 Armour
 - Level 2.6 Dodging
 - Level 3.0 Stealth
 * Level 1.5 Unarmed Combat


You had 4 spell levels left.
You didn't know any spells.
Your spell library was empty.

Dungeon Overview and Level Annotations

Branches:
Dungeon (3/12)

Altars:

Inventory:

Armour
 c - a +1 hat (worn)
 f - the +4 moon troll leather armour (worn) {Spirit, Regen++ MP+5}

   It affects your magic capacity (+5).
   It increases your rate of regeneration.
Jewellery
 d - a cursed amulet of inaccuracy {unknown}
   (You found it on level 2 of the Dungeon)
 m - an amulet of regeneration (around neck)
   (You found it on level 2 of the Dungeon)
Scrolls
 a - a scroll of enchant armour
 n - a scroll of remove curse
Potions
 h - a potion of flight
Comestibles
 b - 3 chunks of flesh {@w1}
 g - 7 rations {!d}

#........#
......
#........#
......
#........#
#[#+##
#.....%..# #
#........# #
#....##.####.#
#....
#KK....#. #...
#KK...... ..
#65w.w...
#ZS......
#oK......
.........
#......<.
#........
###.[[...
...##.


You could see an adder, a shadow imp, 2 dart slugs, an orc, a centaur zombie and
5 kobolds.


Message History

The kobold hits you but does no damage.
The kobold shouts!
You hit the centaur zombie. You kick the centaur zombie.
The centaur zombie is severely damaged.
The adder barely misses you. The shadow imp misses you.
The centaur zombie barely misses you. The kobold misses you.
You hit the adder. Your kick misses the adder.
The adder is lightly wounded.
The adder bites you.
You are poisoned.
The adder poisons you! The kobold barely misses you.
The centaur zombie hits you but does no damage.
The shadow imp closely misses you. The kobold misses you.
The adder bites you but does no damage.
You closely miss the adder. You kick the adder.
The adder is heavily wounded.
You feel sick.
The centaur zombie hits you but does no damage.
The kobold barely misses you.
The shadow imp hits you but does no damage.
The adder bites you. The kobold hits you with a +0 dagger.
A kobold comes into view. It is wielding a +0 short sword.
A dart slug comes into view.
The centaur zombie hits you!
* * * LOW HITPOINT WARNING * * *
You miss the adder.
The adder is heavily wounded.
The kobold misses you. The adder closely misses you.
The shadow imp barely misses you. The kobold hits you but does no damage.
The centaur zombie hits you but does no damage.
Unknown command.
You barely miss the adder.
The adder is heavily wounded.
You feel sick.
The kobold shouts!
The adder bites you but does no damage. The kobold closely misses you.
The shadow imp hits you.
* * * LOW HITPOINT WARNING * * *
The centaur zombie hits you but does no damage.
The kobold hits you with a +0 dagger.
* * * LOW HITPOINT WARNING * * *
The adder bites you but does no damage.
You barely miss the adder. Your kick misses the adder.
The adder is heavily wounded.
The kobold closely misses you.
The centaur zombie hits you but does no damage.
The shadow imp closely misses you. The kobold hits you but does no damage.
The adder barely misses you.
Unknown command.
You hit the adder but do no damage.
The adder is heavily wounded.
You feel sick. The centaur zombie hits you.
* * * LOW HITPOINT WARNING * * *
The kobold hits you but does no damage. The adder closely misses you.
The shadow imp hits you but does no damage.
The kobold hits you but does no damage. The centaur zombie closely misses you.
You closely miss the adder. Your kick misses the adder.
The adder is heavily wounded.
The adder barely misses you. The kobold misses you. The shadow imp misses you.
The centaur zombie hits you.
* * * LOW HITPOINT WARNING * * *
The kobold barely misses you.
You closely miss the adder. Your kick misses the adder.
The adder is heavily wounded.
The adder barely misses you. The kobold hits you but does no damage.
The centaur zombie barely misses you. The shadow imp gestures at you.
You barely resist. The kobold hits you but does no damage. The adder bites you.
* * * LOW HITPOINT WARNING * * *
Are you sure you want to abandon this character and quit the game? (Confirm with "yes".)

Action                   |  1- 3 |  4- 6 || total
-------------------------+-------+-------++-------
Melee: Whip              |    57 |       ||    57
       Unarmed           |   263 |   178 ||   441
       Kick              |    58 |    50 ||   108
       Punch             |     1 |     1 ||     2
  Use: Scroll            |     7 |     1 ||     8
       Potion            |     4 |     5 ||     9
  Eat: Chunk             |     5 |     2 ||     7
Armor: Robe              |    56 |       ||    56
       Ring mail         |    96 |    55 ||   151
       Skin              |     4 |    32 ||    36
       Troll leather arm |       |    40 ||    40
Dodge: Dodged            |   213 |   140 ||   353

Levels and vault maps discovered:
D:1:      dpeg_arrival_caged_fury, layout_loops_ring, minmay_lizard_king
D:2:      layout_basic
D:3:      layout_basic, kennysheep_vampire_church

Notes
Turn   | Place    | Note
-------+----------+-------------------------------------------
     0 | D:1      | Camlann the Demonspawn Archaeologist began the quest for
                  | the Orb.
     0 | D:1      | Reached XP level 1. HP: 15/15 MP: 1/1
     1 | D:1      | Found a runed door.
    40 | D:1      | Reached skill level 2 in Fighting
    58 | D:1      | Gained mutation: You have large cloven feet. [demonic
                  | ancestry]
    58 | D:1      | Reached XP level 2. HP: 13/22 MP: 2/2
    86 | D:1      | HP: 4/22 [jackal (2)]
    91 | D:1      | HP: 2/22 [ooze (2)]
   415 | D:1      | Reached skill level 1 in Unarmed Combat
  1014 | D:1      | Reached XP level 3. HP: 26/27 MP: 3/3
  1081 | D:1      | Reached skill level 1 in Armour
  1663 | D:2      | Reached skill level 2 in Armour
  1847 | D:2      | HP: 4/27 [worm (10)]
  2331 | D:3      | Reached skill level 3 in Armour
  2331 | D:3      | Reached XP level 4. HP: 33/33 MP: 4/4
  2332 | D:3      | Reached skill level 4 in Armour
  2393 | D:3      | HP: 6/33 [gnoll/+0 spear (8)]
  2498 | D:3      | Noticed a centaur
  2541 | D:3      | Gained mutation: When hurt, damage is shared between your
                  | health and your magic reserves. [demonic ancestry]
  2541 | D:3      | Reached XP level 5. HP: 38/38 MP: 5/5
  2555 | D:3      | Reached skill level 5 in Armour
  2578 | D:3      | HP: 9/38 [centaur (3)]
  2579 | D:3      | Killed a centaur
  2579 | D:3      | Reached skill level 6 in Armour
  2846 | D:3      | HP: 9/38 [centaur zombie (2)]
  2848 | D:3      | Quit the game

Vanquished Creatures
  A centaur (D:3)
  A gnoll shaman (D:3)
  An orc wizard (D:3)
  3 gnolls (D:3)
  An adder (D:3)
  2 oozes
  2 worms (D:2)
  2 dart slugs
  2 leopard geckos
  8 orcs (D:3)
  7 giant cockroaches (D:1)
  A goblin (D:1)
  7 hobgoblins
  3 jackals
  3 quokkas
  A ball python (D:1)
  5 bats
  10 frilled lizards
  6 kobolds
  6 rats
72 creatures vanquished.
